 Dungeon Crawl Stone Soup version 0.30-a0-385-gfebfb9b408 (webtiles) character file.

Game seed: 1269186576987910703

3511 ragingrage the Slicer (level 9, -13/72 HPs)
             Began as an Armataur Brigand on Dec 3, 2022.
             Was an Initiate of Dithmenos.
             Mangled by a vault guard
             ... wielding a +0 broad axe
              (18 damage)
             ... in a bailey.
             The game lasted 00:10:31 (6470 turns).

ragingrage the Slicer (Armataur Brigand)            Turns: 6470, Time: 00:10:31

Health: -13/72     AC: 11    Str: 16    XL:     9   Next: 81%
Magic:  10/10      EV: 11    Int: 11    God:    Dithmenos [......]
Gold:   254        SH:  0    Dex: 17    Spells: 8/8 levels left

rFire   . . .      SeeInvis .    w - +1 dagger (speed)
rCold   + . .      Faith    .    (no shield)
rNeg    + . .      Spirit   .    D - +1 robe {rC+}
rPois   .          Reflect  .    l - +0 helmet
rElec   .          Harm     .    c - +0 cloak
rCorr   .          Roll     +    (no gloves)
Will    .....                    p - +0 barding
Stlth   +++++.....               (no amulet)
HPRegen 0.32/turn                g - +4 ring of evasion
MPRegen 0.12/turn                z - ring of positive energy

@: mighty
A: large, rugged brown scales 3, deformed body, armoured tail, roll, long
tongue, awkward tongue
a: Renounce Religion


You were in a bailey.
You worshipped Dithmenos.
Dithmenos was noncommittal.
You visited 2 branches of the dungeon, and saw 8 of its levels.
You also visited: Ossuary and Bailey.

You collected 293 gold pieces.
You spent 39 gold pieces at shops.

Inventory:

Hand Weapons
 a - a +2 dagger
 b - the +7 war axe of the Past {vorpal, Will+ SInv}
   (You found it on level 7 of the Dungeon)

   It inflicts extra damage upon your enemies.
   SInv:      It lets you see invisible.
   Will:      It increases your willpower.
 h - a +0 short sword
 w - a +1 dagger of speed (weapon)
Missiles
 d - 14 poisoned darts (quivered)
 e - 2 curare-tipped darts
 o - 5 silver javelins
Armour
 c - a +0 cloak (worn)
 l - a +0 helmet (worn)
 p - a +0 barding (worn)
 D - a +1 robe of cold resistance (worn)
Jewellery
 g - a +4 ring of evasion (left hand)
 z - a ring of positive energy (right hand)
Wands
 t - a wand of flame (9)
Scrolls
 i - a scroll of amnesia {unknown}
 j - 2 scrolls of poison {unknown}
 m - a scroll of teleportation
 q - a scroll of enchant armour {unknown}
 v - 2 scrolls of immolation {unknown}
 x - 2 scrolls of magic mapping
 y - a scroll of silence {unknown}
 A - a scroll of vulnerability {unknown}
 B - 2 scrolls of fear {unknown}
Potions
 f - 2 potions of mutation
 k - 3 potions of cancellation
 C - a potion of ambrosia


   Skills:
 + Level 2.5 Fighting
 * Level 10.3 Short Blades
 + Level 2.5 Throwing
 + Level 2.1 Armour
 - Level 0.6 Dodging
 + Level 10.2 Stealth
 + Level 1.7 Invocations


You had 8 spell levels left.
You didn't know any spells.
Your spell library contained the following spells:

 Spells                   Type           Power      Damage    Failure   Level
 Shock                    Conj/Air       0%         1d3       34%         1
 Swiftness                Air            0%         N/A       71%         3
 Airstrike                Air            0%         2d(0-16)  98%         4


Dungeon Overview and Level Annotations

Branches:
Dungeon (7/15)             Temple (1/1) D:7         Ossuary (visited)
 Bailey (1/1)

Altars:
Ashenzari
Dithmenos
Elyvilon
Fedhas
Gozag
Hepliaklqana
Kikubaaqudgha
Nemelex Xobeh
Okawaru
Qazlal
Ru
Sif Muna
Uskayaw
Vehumet
Wu Jian
Xom
Yredelemnul
Zin

Shops:
D:2 ?


Innate Abilities, Weirdness & Mutations

You are completely covered in rugged brown scales. (AC +3, +7% HP)
Armour fits poorly on your strangely shaped body.
You have a long armoured tail.
You roll when moving toward enemies. (Rampage)
Your long tongue fully drains potion bottles. (2x potion effects)
Your tongue gives you trouble enunciating. (1.5x scroll delay)


Message History

You puncture the vault guard!
The vault guard is lightly wounded.
You hit the vault guard but do no damage.
Your tail-slap misses the vault guard.
The vault guard is lightly wounded.
You hit the vault guard but do no damage.
The vault guard is lightly wounded.
The vault guard hits you with a +0 broad axe!
* * * LOW HITPOINT WARNING * * *
You slurp down every last drop of the potion of curing!
You feel better.
The vault guard hits you with a +0 broad axe!!
* * * LOW HITPOINT WARNING * * *
You barely miss the vault guard.
The vault guard is lightly wounded.
You closely miss the vault guard.
The vault guard is lightly wounded.
Okay, then.
You hit the vault guard but do no damage.
The vault guard is lightly wounded.
The vault guard completely misses you.
You barely miss the vault guard. You tail-slap the vault guard!
The vault guard is moderately wounded.
You hit the vault guard.
The vault guard is moderately wounded.
You completely miss the vault guard.
The vault guard is moderately wounded.
You closely miss the vault guard. You tail-slap the vault guard!
The vault guard is heavily wounded.
The vault guard hits you with a +0 broad axe!
* * * LOW HITPOINT WARNING * * *
You hit the vault guard but do no damage.
You tail-slap the vault guard!
The vault guard is heavily wounded.
You hit the vault guard.
Your tail-slap misses the vault guard.
The vault guard is heavily wounded.
You hit the vault guard but do no damage.
The vault guard is heavily wounded.
The vault guard hits you with a +0 broad axe!!
You die...

#≈~~~~~~~~~≈##.......#####
######~..~....~≈#######...#
?....##...~...~~≈≈≈#..##..#
=.....#..~†....)...#..#...#
..p∩..'.....~~~~~..'..#...#
!.....#....~~≈≈≈≈~~#.....##
?....##...~≈≈####≈≈#....##
######~..~≈###!!#########
#~~~.≈##~@p.# ##~~.≈#~...~#
##~.≈#..~~## ###.'.~###
######


You could see a vault guard.

Vanquished Creatures
  A vault guard (Bailey)
  A hornet (D:7)
  Prince Ribbit (Bailey)
  Sigmund (D:2)
  4 humans (Bailey)
  Menkaure (Ossuary)
  A water moccasin (D:6)
  An ice beast (D:6)
  An ogre (D:4)
  5 phantoms (D:6)
  6 bullfrogs
  A necrophage (D:4)
  A wight (D:4)
  A hound (D:5)
  A jelly (D:6)
  2 iguanas (D:6)
  Terence (D:3)
  2 orc wizards (D:3)
  3 mummies (Ossuary)
  Robin (D:3)
  7 gnolls
  12 adders
  An ufetubus (D:5)
  2 worms (D:3)
  2 dart slugs (D:3)
  15 orcs
  4 ball pythons
  5 bats
  4 endoplasms
  6 giant cockroaches
  3 gnoll zombies (Ossuary)
  15 goblins
  8 hobgoblins
  7 jackals
  6 kobolds
  3 quokkas
  3 frilled lizards (D:1)
  6 gnoll skeletons (Ossuary)
  4 goblin skeletons (Ossuary)
  8 goblin zombies (Ossuary)
  A hobgoblin skeleton (Ossuary)
  4 kobold skeletons (Ossuary)
  5 kobold zombies (Ossuary)
  4 orc skeletons (Ossuary)
  4 orc zombies (Ossuary)
  6 rats
  6 rat skeletons (Ossuary)
  5 rat zombies (Ossuary)
  A butterfly (D:7)
193 creatures vanquished.

Notes
Turn   | Place    | Note
-------+----------+-------------------------------------------
     0 | D:1      | ragingrage the Armataur Brigand began the quest for the
                  | Orb.
     0 | D:1      | Reached XP level 1. HP: 18/18 MP: 1/1
    92 | D:1      | Reached XP level 2. HP: 25/25 MP: 2/2
   876 | D:2      | Noticed Sigmund
   886 | D:2      | Killed Sigmund
   887 | D:2      | Reached skill level 5 in Stealth
   887 | D:2      | Reached XP level 3. HP: 21/31 MP: 3/3
   887 | D:2      | Reached XP level 4. HP: 25/38 MP: 4/4
   887 | D:2      | Reached XP level 5. HP: 29/43 MP: 5/5
  1199 | D:2      | Found Puiffiuscho's Magic Scroll Emporium.
  1203 | D:2      | Bought a scroll of teleportation for 39 gold pieces
  2071 | D:5      | Entered Level 5 of the Dungeon
  2106 | D:5      | Reached XP level 6. HP: 44/51 MP: 6/6
  2363 | D:5      | Reached skill level 5 in Short Blades
  2798 | D:4      | Found a hazy altar of Hepliaklqana.
  2931 | D:3      | Reached XP level 7. HP: 43/56 MP: 7/7
  3213 | D:3      | Found a sparkling altar of Nemelex Xobeh.
  3241 | D:3      | Noticed Terence
  3257 | D:3      | Killed Terence
  3364 | D:3      | Found a shimmering blue altar of Sif Muna.
  3367 | D:3      | Found a basalt altar of Yredelemnul.
  3370 | D:3      | Found an opulent altar of Gozag.
  3382 | D:3      | Found an ornate altar of the Wu Jian Council.
  3419 | D:3      | Noticed Robin
  3472 | D:3      | Killed Robin
  3797 | D:3      | Found a faded altar of an unknown god.
  3797 | D:3      | Found a faded altar of an unknown god.
  3804 | D:3      | Found a stormy altar of Qazlal.
  3806 | D:3      | Found a shimmering altar of Xom.
  3808 | D:3      | Found a radiant altar of Vehumet.
  4234 | D:5      | Found an iron altar of Okawaru.
  4234 | D:5      | Found a broken altar of Ashenzari.
  4574 | D:6      | Found a sand-covered staircase.
  4583 | Ossuary  | Entered an ossuary
  4835 | Ossuary  | Noticed Menkaure
  4888 | Ossuary  | Killed Menkaure
  4889 | Ossuary  | Reached XP level 8. HP: 38/64 MP: 8/8
  5275 | D:6      | Found a white marble altar of Elyvilon.
  5984 | D:7      | Noticed a hornet
  5988 | D:7      | Killed a hornet
  6054 | D:7      | Found a staircase to the Ecumenical Temple.
  6059 | Temple   | Entered the Ecumenical Temple
  6071 | Temple   | Became a worshipper of Dithmenos the Shadowed
  6120 | D:7      | Found a flagged portal.
  6135 | D:7      | Identified the +7 war axe of the Past {vorpal, Will+ SInv}
  6139 | Bailey   | Entered a bailey
  6190 | Bailey   | Reached XP level 9. HP: 39/71 MP: 9/9
  6377 | Bailey   | Noticed a vault guard
  6387 | Bailey   | Noticed a vault guard
  6387 | Bailey   | Noticed Prince Ribbit
  6405 | Bailey   | Killed Prince Ribbit
  6406 | Bailey   | Reached skill level 10 in Short Blades
  6406 | Bailey   | Reached skill level 10 in Stealth
  6436 | Bailey   | Killed a vault guard
  6437 | Bailey   | Reached skill level 1 in Invocations
  6470 | Bailey   | Mangled by a vault guard

Illustrated notes

Levels and vault maps discovered:
D:1:      enne_arrival_octagon_isle, layout_basic, grunt_decor_junction,
          st_stairs_1, due_unseen_surprise
D:2:      layout_loops_cross, serial_shops, shop, minmay_misc_feat_chi,
          uniq_sigmund
D:3:      layout_basic, nemelex_altar_shiori, grunt_temple_overflow_cloverleaf,
          chequers_temple_overflow_minitemple, uniq_terence, uniq_robin
D:4:      minmay_angry_zag, layout_rooms, old_standard_altar
D:5:      layout_gridville, grunt_temple_overflow_open, serial_bayou_pond_d
D:6:      layout_gridville, nicolae_overflow_hidden_temple,
          nicolae_ossuary_entry_ruins
D:7:      layout_loops_ring, minmay_temple_entry_butterflies, enter_bailey_7,
          nrook_pool_corridor, nicolae_water_bricks, uniq_crazy_yiuf_cottage
Temple:   hellmonk_temple_rainy
Bailey:   bailey_axe_froggy_fort_hellmonk, bailey

Skill      XL: |  1  2  3  4  5  6  7  8  9 |
---------------+----------------------------+-----
Short Blades   | 2 4 5 7 9 10 | 10.3
Stealth        | 5 6 7 9 10 | 10.2
Fighting       | 2 |  2.5
Throwing       | 2 |  2.5
Armour         | 2 |  2.1
Invocations    | 1 |  1.7
Dodging        | |  0.6

Action                   |  1- 3 |  4- 6 |  7- 9 || total
-------------------------+-------+-------+-------++-------
Melee: Dagger            |    36 |   173 |   564 ||   773
       Tailslap          |     5 |    26 |    99 ||   130
       Punch             |       |     1 |    11 ||    12
Throw: Dart              |     2 |     6 |     2 ||    10
Evoke: Wand              |       |     7 |     5 ||    12
  Use: Scroll            |       |       |     6 ||     6
       Potion            |       |       |     8 ||     8
 Stab: Sleeping          |    13 |     6 |    37 ||    56
       Invisible         |       |       |     5 ||     5
Armor: Robe              |     7 |    58 |    78 ||   143
Dodge: Dodged            |     9 |   107 |   126 ||   242

Table legend: (Time is in decaauts)
 A = Elapsed time spent in this place.
 B = Non-inter-level travel time spent in this place.
 C = Inter-level travel time spent in this place.
 D = Time resting spent in this place.
 E = Time spent auto-exploring this place.
 F = Levels seen in this place.
 G = Mean time per level.
                   A        B        C        D        E       F      G
               +--------+--------+--------+--------+--------+-----+--------+
         Total |   6091 |   5741 |    350 |    474 |   3757 |  10 |  609.1 |
       Dungeon |   5403 |   5060 |    343 |    362 |   3580 |   7 |  771.9 |
        Temple |     20 |     13 |      7 |      0 |      0 |   1 |   20.0 |
       Ossuary |    403 |    403 |      0 |     16 |    151 |   1 |  403.0 |
        Bailey |    262 |    262 |      0 |     96 |     26 |   1 |  262.0 |
               +--------+--------+--------+--------+--------+-----+--------+

Top non-repeatable levels by time:
     D:3: 1251 daAuts
     D:6: 1005 daAuts
     D:1: 845 daAuts
     D:2: 814 daAuts
     D:5: 683 daAuts
     D:4: 674 daAuts
 Ossuary: 403 daAuts
  Bailey: 262 daAuts
     D:7: 129 daAuts
  Temple: 20 daAuts
